 Dungeon Crawl Stone Soup version 0.25-a0-71-ge910a4a285 (webtiles) character file.

Game seed: 10380220573310721928, levelgen mode: deterministic

46 Gargoyl the Skirmisher (level 3, -10/33 HPs)
             Began as a Draconian Abyssal Knight on Nov 4, 2019.
             Was a Follower of Lugonu.
             Mangled by an ogre
             ... wielding a +0 giant club
              (12 damage)
             ... on level 2 of the Dungeon.
             The game lasted 00:01:49 (1281 turns).

Gargoyl the Skirmisher (Draconian Abyssal Knight)   Turns: 1281, Time: 00:01:50

Health: -10/33     AC:  4    Str: 15    XL:     3   Next: 44%
Magic:  4/4        EV: 12    Int: 12    God:    Lugonu [*.....]
Gold:   19         SH:  0    Dex: 10    Spells: 2/2 levels left

rFire    . . .     SeeInvis .   a - +2 hand axe
rCold    . . .     Gourm    .   (no shield)
rNeg     . . .     Faith    .   (armour unavailable)
rPois    .         Spirit   .   (helmet restricted)
rElec    .         Reflect  .   (no cloak)
rCorr    .         Harm     .   (no gloves)
MR       .....                  (no boots)
Stlth    +.........             (no amulet)
HPRegen  0.11/turn              d - +2 ring of protection
MPRegen  0.09/turn              e - -3 ring of protection (curse)

@: flying
A: unfitting armour, cold-blooded, AC +5
a: Depart the Abyss, Renounce Religion


You were on level 2 of the Dungeon.
You worshipped Lugonu.
Lugonu was aware of your devotion.
You were not hungry.

You visited 1 branch of the dungeon, and saw 2 of its levels.
You visited the Abyss 1 time.

You collected 19 gold pieces.

Inventory:

Hand Weapons
 a - a +2 hand axe (weapon)
Jewellery
 d - a +2 ring of protection (left hand)
 e - a cursed -3 ring of protection (right hand)
Comestibles
 b - 3 rations


   Skills:
 + Level 3.9 Fighting
 + Level 2.5 Axes
 * Level 2.7 Dodging
 + Level 0.1 Stealth
 * Level 2.3 Invocations


You had 2 spell levels left.
You didn't know any spells.
Your spell library was empty.

Dungeon Overview and Level Annotations

Branches:
Dungeon (2/15)

Altars:


Innate Abilities, Weirdness & Mutations

Your plain brown scales are hard. (AC +5)
You cannot fit into any form of body armour.
You are cold-blooded and may be slowed by cold attacks.


Message History

The ogre is heavily wounded.
The ogre closely misses you.
You barely miss the ogre.
The ogre is heavily wounded.
The ogre hits you with a +0 giant club!
* * * LOW HITPOINT WARNING * * *
You hit the ogre.
The ogre is severely wounded.
The ogre hits you with a +0 giant club!
* * * LOW HITPOINT WARNING * * *
It was a potion of flight.
You feel very buoyant.
You fly up into the air.
You hit the ogre but do no damage.
The ogre is severely wounded.
The ogre barely misses you.
You hit the ogre.
The ogre is severely wounded.
The ogre hits you with a +0 giant club!
You die...

#.#.# ### #.##.#
#... ... .#
#.#####... ..#
####........# #.#
......####..#
#.####### ###...#
#..# #.......#
###...# #..# #.#
.....)# #..#####O#
####..# #......@.#
......####..##.#.##
...........(##.#.#
#######.##.###.#.#
# #.##.# #.#.# #
#.##.###)#.# .
#..........######
##
#.#.####†.......#
#....###..#####.#


You could see an ogre.

Vanquished Creatures
  An adder (D:2)
  A worm (D:2)
  2 giant cockroaches (D:1)
  A goblin (D:1)
  6 hobgoblins
  3 jackals (D:1)
  7 kobolds
  A quokka (D:2)
  A ball python (D:1)
  4 bats
  2 frilled lizards (D:1)
  3 rats
32 creatures vanquished.

Notes
Turn   | Place    | Note
-------+----------+-------------------------------------------
     0 | Abyss:1  | Gargoyl the Draconian Abyssal Knight began the quest for
                  | the Orb.
     0 | Abyss:1  | Reached XP level 1. HP: 19/19 MP: 2/2
    11 | Abyss:1  | Found a shadowy altar of Dithmenos.
    39 | Abyss:1  | Noticed a frost giant zombie
    54 | Abyss:1  | Noticed a hellwing
    58 | Abyss:1  | Noticed an iron imp
    63 | D:1      | Escaped the Abyss
   127 | D:1      | Reached * piety under Lugonu
   136 | D:1      | Reached XP level 2. HP: 4/26 MP: 3/3
  1074 | D:2      | Reached XP level 3. HP: 23/33 MP: 4/4
  1270 | D:2      | Noticed an ogre
  1276 | D:2      | HP: 1/33 [ogre/+0 giant club (8)]
  1281 | D:2      | Mangled by an ogre

Levels and vault maps discovered:
D:1:      shiori_arrival_oz, layout_loops_ring
D:2:      layout_loops_ring, marbit_many_paths, st_stairs_5

Action                   || total
-------------------------++-------
Melee: Hand axe          ||    73
       Tailslap          ||     4
Invok: Depart the Abyss  ||     1
  Use: Scroll            ||     5
       Potion            ||     1
 Stab: Distracted        ||     1
  Eat: Chunk             ||     1
Armor: Skin              ||    17
Dodge: Dodged            ||    52

Table legend:
 A = Non-vault XP
 B = Vault XP
 C = Vault XP percentage of total XP
 D = Non-vault monster count
 E = Vault monster count
 F = Vault count percentage of total count
                 A         B        C        D         E       F
            +---------+---------+-------+---------+---------+-------
      Total |      62 |       4 |   6.1 |      30 |       2 |   6.2
            +---------+---------+-------+---------+---------+-------
        D:1 |      32 |       4 |  11.1 |      20 |       2 |   9.1
        D:2 |      30 |       0 |   0.0 |      10 |       0 |   0.0
            +---------+---------+-------+---------+---------+-------
